 Dungeon Crawl Stone Soup version 0.27.1-3-gb3d3a73c9e (webtiles) character file.

Game seed: 4720990061207594741

24 earthworldpsion the Chopper (level 2, 0/27 HPs)
             Began as a Minotaur Berserker on Oct 20, 2021.
             Was a Follower of Trog.
             Slain by a giant cockroach (2 damage)
             ... on level 2 of the Dungeon.
             The game lasted 00:02:30 (2002 turns).

earthworldpsion the Chopper (Minotaur Berserker)    Turns: 2002, Time: 00:02:30

Health: 0/27       AC:  2    Str: 21    XL:     2   Next: 79%
Magic:  1/1        EV: 12    Int:  4    God:    Trog [*.....]
Gold:   63         SH:  0    Dex:  9    Spells: 1/1 levels left

rFire    . . .     SeeInvis .   a - +0 hand axe
rCold    . . .     Faith    .   (no shield)
rNeg     . . .     Spirit   .   b - +0 animal skin
rPois    .         Reflect  .   (helmet restricted)
rElec    .         Harm     .   (no cloak)
rCorr    .         Rampage  .   (no gloves)
Will     .....                  (no boots)
Stlth    +.........             (no amulet)
HPRegen  0.09/turn              (no ring)
MPRegen  0.07/turn              (no ring)

@: no status effects
A: horns 2, retaliatory headbutt
a: Renounce Religion, Berserk


You were on level 2 of the Dungeon.
You worshipped Trog.
Trog was aware of your devotion.
You visited 1 branch of the dungeon, and saw 2 of its levels.

You collected 63 gold pieces.

Inventory:

Hand Weapons
 a - a +0 hand axe (weapon)
Missiles
 e - 16 poisoned darts (quivered)
Armour
 b - a +0 animal skin (worn)
Scrolls
 c - a scroll of vulnerability {unknown}
 d - 3 scrolls of teleportation {unknown}
 f - a scroll of brand weapon {unknown}
 g - a scroll of immolation {unknown}
Potions
 h - 2 potions of curing {unknown}
 i - a potion of lignification {unknown}
 j - 2 potions of heal wounds {unknown}
 k - a potion of brilliance {unknown}


   Skills:
 + Level 4.0 Fighting
 + Level 4.0 Axes
 + Level 2.9 Armour
 + Level 2.6 Dodging


You had one spell level left.
You didn't know any spells.
Your spell library was empty.

Dungeon Overview and Level Annotations

Branches:
Dungeon (2/15)

Altars:


Innate Abilities, Weirdness & Mutations

You have a pair of horns on your head.
You reflexively headbutt those who attack you in melee.


Message History

You see here a +0 dagger.
A worm comes into view.
A giant cockroach comes into view.
Found a stone staircase leading up.
You barely miss the worm. The worm misses you.
You hit the worm.
The worm is moderately wounded.
You barely miss the worm.
The worm is moderately wounded.
The worm bites you.
You hit the worm but do no damage.
The worm is lightly wounded.
The worm bites you. The giant cockroach bites you.
You hit the worm but do no damage.
The worm is lightly wounded.
You closely miss the giant cockroach. The giant cockroach bites you.
You slash the worm!
The worm is heavily wounded.
You barely miss the giant cockroach.
The giant cockroach bites you but does no damage.
The worm bites you.
You are too injured to fight recklessly!
You are too injured to fight recklessly!
You are too injured to fight recklessly!
You are too injured to fight recklessly!
You are too injured to fight recklessly!
You are too injured to fight recklessly!
You barely miss the worm.
The worm is heavily wounded.
You barely miss the giant cockroach.
The giant cockroach bites you but does no damage.
The worm bites you. The giant cockroach closely misses you.
You hit the worm. You headbutt the worm.
The worm is heavily wounded.
You closely miss the giant cockroach. The giant cockroach closely misses you.
The worm bites you!
* * * LOW HITPOINT WARNING * * *
You completely miss the giant cockroach.
The giant cockroach misses you. The giant cockroach bites you.
You die...

.........##.##.#.#
.##...#####.##.#.#
#.....# #......#
##...##
#####.##### ##.##
#........)# #.#
#.###.###.# #.#
#.#.#.# #+#
#.....#
#.#####@#.#
#......B..#
#####.#w###
#.........#
+.......####.#
####....# #..#.#
#.##.< #. ##.


You could see a worm and a giant cockroach.

Vanquished Creatures
  A dart slug (D:1)
  An endoplasm (D:1)
  2 giant cockroaches (D:1)
  2 goblins
  4 hobgoblins
  2 quokkas
  5 kobolds
  3 rats
20 creatures vanquished.

Notes
Turn   | Place    | Note
-------+----------+-------------------------------------------
     0 | D:1      | earthworldpsion the Minotaur Berserker began the quest for
                  | the Orb.
     0 | D:1      | Reached XP level 1. HP: 19/19 MP: 0/0
   484 | D:1      | Reached XP level 2. HP: 27/27 MP: 1/1
   892 | D:1      | Found a faded altar of an unknown god.
  1999 | D:2      | HP: 1/27 [worm (10)]
  2002 | D:2      | Slain by a giant cockroach

Illustrated notes

Levels and vault maps discovered:
D:1:      matt_arrival_los_fun, layout_basic, chequers_ecumenical_altar_grove
D:2:      layout_loops_corners, columned_hall_lemuel, supply_closet_lemuel,
          hangedman_decor_growths

Skill      XL: |  1  2 |
---------------+-------+-----
Axes           | 4 |  4.0
Fighting       | 4 |  4.0
Armour         | |  2.9
Dodging        | |  2.6

Action                   || total
-------------------------++-------
Melee: Hand axe          ||    48
       Headbutt          ||     3
Throw: Dart              ||     6
Armor: Animal skin       ||     8
Dodge: Dodged            ||    25
